 Dungeon Crawl Stone Soup version 0.22-a0-293-gc9362ec (webtiles) character file.

34820 Amnesiac the Thaumaturge (level 13, -2/82 HPs)
             Began as a Deep Elf Wizard on Mar 24, 2018.
             Was a High Priest of Sif Muna.
             Killed from afar by a rime drake (19 damage)
             ... with a flash freeze
             ... in an ice cave.
             The game lasted 00:32:40 (18138 turns).

Amnesiac the Thaumaturge (Deep Elf Wizard)         Turns: 18138, Time: 00:32:41

Health: -2/82      AC:  8    Str:  4    XL:     13   Next: 44%
Magic:  0/30       EV: 16    Int: 27    God:    Sif Muna [*****.]
Gold:   823        SH:  0    Dex:  9    Spells: 0/35 levels left

rFire    + . .     SeeInvis .   O - staff of fire
rCold    + + .     Gourm    .   (no shield)
rNeg     . . .     Faith    .   H - +0 steam dragon scales
rPois    .         Spirit   +   F - +0 helmet
rElec    .         Reflect  .   (no cloak)
rCorr    .         Harm     .   (no gloves)
MR       +....     Clarity  +   (no boots)
Stlth    ++........             Q - amulet of guardian spirit
HPRegen  0.23/turn              T - ring of ice
MPRegen  0.22/turn              R - ring of Ulloalim {rF+ rC+ Dex-4}

@: no casting
A: molten scales 1, clarity, dopey 1
a: Stop Divine Energy, Channel Magic, Forget Spell, Renounce Religion


You were in an ice cave.
You worshipped Sif Muna.
Sif Muna was extremely pleased with you.
You were not hungry.

You visited 5 branches of the dungeon, and saw 17 of its levels.
You also visited: Labyrinth and Ice Cave.

You collected 823 gold pieces.

Inventory:

Armour
 F - a +0 helmet (worn)
 H - +0 steam dragon scales (worn)
 U - a +2 shield
 W - +0 ice dragon scales
Magical Staves
 O - an uncursed staff of fire (weapon)
Jewellery
 m - an uncursed ring of protection from fire
 y - a +4 ring of intelligence
 z - an uncursed ring of see invisible
 J - an uncursed ring of protection from magic
 N - a +6 ring of evasion
 Q - an amulet of guardian spirit (around neck)
 R - the ring of Ulloalim (right hand) {rF+ rC+ Dex-4}
   (You found it on level 4 of the Lair of Beasts)

   [ring of dexterity]

   It affects your dexterity (-4).
   It protects you from fire.
   It protects you from cold.
 T - a ring of ice (left hand)
Wands
 r - a wand of paralysis (35)
 u - a wand of disintegration (28)
 w - a wand of random effects (54)
 x - a wand of polymorph (23)
 B - a wand of flame (56)
 E - a wand of acid (8)
 G - a wand of iceblast (6)
 M - a wand of enslavement (47)
 S - a wand of digging (8)
Scrolls
 c - 2 scrolls of enchant weapon {!r}
 f - a scroll of amnesia {!r}
 h - 3 scrolls of remove curse {!r}
 i - a scroll of torment {!r, unknown}
 j - 12 scrolls of teleportation {!r}
 o - 3 scrolls of fear {!r}
 s - 2 scrolls of magic mapping {!r}
 v - a scroll of fog {!r}
 A - 2 scrolls of brand weapon {!r, unknown}
 D - a scroll of blinking {!r, unknown}
 I - a scroll of vulnerability {!r, unknown}
 P - a scroll of summoning {!r, unknown}
 V - a scroll of immolation {!r, unknown}
Potions
 b - 2 potions of brilliance {!q}
 e - 3 potions of mutation {!q}
 k - 3 potions of might {!q}
 l - a potion of flight {!q}
 n - 6 potions of haste {!q}
 p - 4 potions of curing {!q}
 q - a potion of resistance {!q}
 t - a potion of lignification {!q}
 C - 2 potions of invisibility {!q}
 K - a potion of heal wounds {!q}
 L - a potion of ambrosia {!q}
 X - 4 potions of cancellation {!q}
Miscellaneous
 a - a crystal ball of energy
Comestibles
 d - 28 rations
 g - 6 chunks of flesh


   Skills:
 - Level 10.0 Fighting
 - Level 10.0 Dodging
 - Level 2.4 Stealth
 * Level 4.3 Shields
 - Level 11.5 Spellcasting
 - Level 10.1 Conjurations
 - Level 10.1 Hexes
 - Level 1.1 Summonings
 - Level 8.0 Necromancy
 - Level 1.1 Translocations
 - Level 8.5 Invocations


You couldn't memorise any spells.
You knew the following spells:

 Your Spells              Type           Power        Failure   Level  Hunger
a - Throw Flame           Conj/Fire      ######       1%          2    None
b - Call Imp              Summ           ###.....     3%          2    None
c - Confuse               Hex            ######..     1%          3    None
d - Bolt of Draining      Conj/Necr      ######....   2%          5    ###....
e - Mephitic Cloud        Conj/Pois/Air  ####....     2%          3    None
f - Irradiate             Conj/Tmut      #####.....   13%         5    ###....
g - Yara's Violent Unrav  Hex/Tmut       #####.....   13%         5    ###....
h - Summon Butterflies    Summ           ###.....     2%          1    None
s - Conjure Flame         Conj/Fire      ######..     1%          3    None
v - Blink                 Tloc           N/A          3%          2    None
w - Summon Lightning Spi  Summ/Air       ###.....     28%         4    None


Dungeon Overview and Level Annotations

Branches:
Dungeon (10/15)            Temple (1/1) D:4            Lair (4/6) D:10
  Snake (1/4) Lair:3          Orc (1/2) D:10
  Swamp: Lair:2-4    Shoals: Lair:2-4

Altars:
Ashenzari
Cheibriados
Dithmenos
Elyvilon
Fedhas
Gozag
Hepliaklqana
Kikubaaqudgha
Makhleb
Nemelex Xobeh
Okawaru
Qazlal
Ru
Sif Muna
Trog
Uskayaw
Vehumet
Wu Jian
Xom
Yredelemnul
Zin
The Shining One
Beogh

Shops:
Snake:1 }==


Innate Abilities, Weirdness & Mutations

You are partially covered in molten scales. (AC +2)
You possess an exceptional clarity of mind.
You are dopey. (Int -2)


Message History

Sif Muna grants you divine energy.
You briefly lose access to your magic!
The ice dragon breathes frost at you. The blast of cold hits you! You resist.
* * * LOW HITPOINT WARNING * * *
You are unable to access your magic!
You are unable to access your magic!
The ice dragon breathes frost at you. The blast of cold hits you! You resist.
* * * LOW HITPOINT WARNING * * *
Really quaff
p - 5 potions of curing {!q}?
You feel better.
Okay, then.
You regain access to your magic.
Casting: Bolt of Draining (safe; 2% risk of failure)
Confirm with . or Enter, or press ? or * to list all spells.
Aiming: Bolt of Draining (safe; 2% risk of failure)
Press: ? - help, Shift-Dir - straight line, f/p - ice dragon
Aim: an ice dragon (almost dead, catching its breath, lightly drained)
The bolt of negative energy hits the ice dragon.
The ice dragon is drained!
You kill the ice dragon!
Sif Muna accepts your kill.
The ice dragon scales are intact enough to wear.
Your Shields skill increases to level 4!
Sif Muna grants you divine energy.
You briefly lose access to your magic!
Unknown command.
Things that are here:
+0 ice dragon scales; an ice dragon corpse You butcher the ice dragon corpse.
g - 8 chunks of flesh You see here +0 ice dragon scales.
Eating one of 8 chunks of flesh.
You eat one of the 8 chunks of flesh.
This raw flesh tastes terrible.
You are feeling very hungry.
Eating one of 7 chunks of flesh.
You eat one of the 7 chunks of flesh.
This raw flesh tastes terrible.
W - +0 ice dragon scales You regain access to your magic.
A rime drake comes into view.
The rime drake hisses angrily.
The rime drake moves out of view.
Found 109 gold pieces.
The rime drake breathes ice at you. The flash freeze hits you!
You partially resist.
* * * LOW HITPOINT WARNING * * *
You are encased in ice.
Found 37 gold pieces.
Casting: Bolt of Draining (safe; 2% risk of failure)
Confirm with . or Enter, or press ? or * to list all spells.
Aiming: Bolt of Draining (safe; 2% risk of failure)
Press: ? - help, Shift-Dir - straight line, f - rime drake
Aim: a rime drake (catching its breath)
The bolt of negative energy hits the rime drake.
The rime drake is drained!
The rime drake is almost dead.
Sif Muna grants you divine energy.
You briefly lose access to your magic!
Unknown command.
The ice encasing you melts away. The rime drake breathes ice at you.
The flash freeze hits you! You partially resist.
You die...

###....# ###.......
###.........
##...........
##............
###.............
######...#...........
#k.##..###...........
#..#..@.##
###.........
#$..####.##
##.#....#. #$$k# ###
####..### #$$.$ #..##
##$$ ##..## ## ##..#
##...# ##...## #...##


You could see a rime drake.

Vanquished Creatures
  A minotaur (Lab)
  5 hydras
  A naga warrior (Snake:1)
  2 anacondas (Snake:1)
  2 ice dragons (IceCv)
  4 two-headed ogres
  3 mana vipers (Snake:1)
  9 black mambas
  3 elephants (Lair:2)
  2 ice statues (IceCv)
  3 naga magi (Snake:1)
  A centaur skeleton (D:10)
  8 spiny frogs
  3 komodo dragons
  2 rime drakes
  3 blink frogs (Lair:4)
  3 hippogriffs
  Sigmund (D:3)
  2 redbacks (Lab)
  16 yaks
  2 wyverns (Lair:3)
  4 hungry ghosts (Lab)
  A basilisk (Lair:2)
  A steam dragon (D:8)
  A warg (Orc:1)
  7 nagas
  8 water moccasins
  10 porcupines
  A sky beast (D:6)
  15 ice beasts
  7 orc warriors
  A phantom (D:10)
  2 black bears (D:10)
  5 ogres
  4 centaurs
  8 crocodiles
  14 bullfrogs
  A wyvern skeleton (D:7)
  2 scorpions
  5 killer bees (D:10)
  2 howler monkeys
  A crimson imp (D:5)
  A bullfrog zombie (D:5)
  9 hounds
  4 lava snakes (Snake:1)
  4 jellies
  4 orc priests
  7 orc wizards
  3 bullfrog skeletons
  A gnoll shaman (D:5)
  2 iguanas (D:9)
  3 worker ants
  A hound skeleton (D:9)
  7 gnolls
  12 adders
  4 river rats (D:5)
  A shadow imp (D:7)
  12 white imps (Lair:4)
  3 oozes
  3 adder skeletons
  4 worms
  2 dart slugs
  7 leopard geckos
  22 orcs
  9 bats
  10 giant cockroaches
  4 goblins
  7 hobgoblins
  7 jackals
  3 kobolds
  A quokka (D:3)
  4 ball pythons
  A ball python skeleton (D:5)
  6 frilled lizards
  A jackal zombie (D:5)
  9 rats
  A plant (D:5)
355 creatures vanquished.

Vanquished Creatures (collateral kills)
  An ice beast (D:9)
1 creature vanquished.

Vanquished Creatures (others)
  5 fungi
  2 plants
7 creatures vanquished.

Grand Total: 363 creatures vanquished

Notes
Turn   | Place    | Note
-------+----------+-------------------------------------------
     0 | D:1      | Amnesiac the Deep Elf Wizard began the quest for the Orb.
     0 | D:1      | Reached XP level 1. HP: 10/10 MP: 7/7
   280 | D:1      | Reached XP level 2. HP: 16/16 MP: 3/9
   750 | D:1      | Learned a level 2 spell: Blink
   753 | D:1      | Learned a level 2 spell: Call Imp
   790 | D:2      | Reached skill level 1 in Fighting
   790 | D:2      | Reached XP level 3. HP: 20/20 MP: 6/11
   795 | D:2      | Learned a level 3 spell: Conjure Flame
   799 | D:2      | Learned a level 3 spell: Mephitic Cloud
  1218 | D:2      | Found a faded altar of an unknown god.
  1702 | D:2      | Found a glowing golden altar of the Shining One.
  1714 | D:2      | Reached XP level 4. HP: 25/25 MP: 12/12
  1947 | D:3      | Found a blossoming altar of Fedhas.
  1990 | D:3      | Found an ancient bone altar of Kikubaaqudgha.
  1990 | D:3      | Found a burning altar of Makhleb.
  2419 | D:3      | Noticed Sigmund
  2481 | D:3      | Killed Sigmund
  2481 | D:3      | Reached skill level 5 in Conjurations
  2481 | D:3      | Reached XP level 5. HP: 11/31 MP: 4/13
  3030 | D:3      | Found a bloodstained altar of Trog.
  3223 | D:4      | Reached XP level 6. HP: 35/36 MP: 9/14
  3670 | D:4      | Found a staircase to the Ecumenical Temple.
  3702 | Temple   | Entered the Ecumenical Temple
  3956 | Temple   | Became a worshipper of Sif Muna the Loreminder
  4533 | D:5      | Entered Level 5 of the Dungeon
  4567 | D:5      | Reached XP level 7. HP: 42/42 MP: 7/15
  5011 | D:5      | Reached skill level 5 in Spellcasting
  5225 | D:5      | Reached * piety under Sif Muna
  5232 | D:5      | Found a basalt altar of Yredelemnul.
  5330 | D:5      | Learned a level 3 spell: Confuse
  5576 | D:5      | Reached skill level 6 in Spellcasting
  5580 | D:5      | Reached XP level 8. HP: 48/48 MP: 3/19
  6279 | D:6      | Reached skill level 7 in Spellcasting
  6572 | D:6      | Reached skill level 8 in Spellcasting
  6587 | D:6      | Reached skill level 1 in Hexes
  6761 | D:6      | Reached ** piety under Sif Muna
  7437 | D:7      | Reached skill level 5 in Hexes
  7638 | D:8      | Noticed a two-headed ogre
  7646 | D:8      | Killed a two-headed ogre
  7646 | D:8      | Reached XP level 9. HP: 52/52 MP: 5/23
  7652 | D:8      | Learned a level 1 spell: Summon Butterflies
  7657 | D:8      | Learned a level 4 spell: Summon Lightning Spire
  7663 | D:8      | Learned a level 5 spell: Yara's Violent Unravelling
  7753 | D:8      | Reached *** piety under Sif Muna
  8286 | D:9      | Reached skill level 10 in Hexes
  8565 | D:9      | Found an ornate altar of the Wu Jian Council.
  8565 | D:9      | Found a shattered altar of Ashenzari.
  8566 | D:9      | Found a sparkling altar of Nemelex Xobeh.
  8666 | D:9      | Noticed a two-headed ogre
  8690 | D:9      | Killed a two-headed ogre
  8690 | D:9      | Reached **** piety under Sif Muna
  8690 | D:9      | Reached skill level 10 in Conjurations
  8709 | D:9      | Reached XP level 10. HP: 47/56 MP: 0/24
  8910 | D:9      | Reached skill level 9 in Spellcasting
  8976 | D:9      | Noticed a two-headed ogre
  9049 | D:9      | Killed a two-headed ogre
  9049 | D:9      | Reached skill level 10 in Spellcasting
  9390 | D:9      | Found a stormy altar of Qazlal.
  9592 | D:10     | Entered Level 10 of the Dungeon
  9653 | D:10     | Reached ***** piety under Sif Muna
  9653 | D:10     | Reached skill level 11 in Spellcasting
  9822 | D:10     | Identified Sif Muna's Reference Book on Frigorific Unholy Arts (Sif Muna gifted it to you on level 10 of the Dungeon)
  9822 | D:10     | Received a gift from Sif Muna
  9830 | D:10     | Learned a level 5 spell: Bolt of Draining
  9920 | D:10     | Found a staircase to the Orcish Mines.
  9924 | D:10     | Reached skill level 1 in Necromancy
 10023 | D:10     | Found a roughly hewn altar of Beogh.
 10265 | D:10     | Noticed a two-headed ogre
 10270 | D:10     | Killed a two-headed ogre
 10692 | D:10     | Found a staircase to the Lair.
 10871 | Orc:1    | Entered Level 1 of the Orcish Mines
 11053 | Lair:1   | Entered Level 1 of the Lair of Beasts
 11057 | Lair:1   | Reached XP level 11. HP: 60/60 MP: 17/28
 11065 | Lair:1   | Reached skill level 1 in Invocations
 11114 | Lair:1   | Noticed a six-headed hydra
 11188 | Lair:1   | Killed a six-headed hydra
 11421 | Lair:1   | Reached skill level 5 in Invocations
 12375 | Lair:2   | Noticed a seven-headed hydra
 12380 | Lair:2   | Killed a seven-headed hydra
 12544 | Lair:2   | Reached skill level 5 in Dodging
 12787 | Lair:2   | Noticed an eight-headed hydra
 12794 | Lair:2   | Killed an eight-headed hydra
 12794 | Lair:2   | Reached skill level 5 in Fighting
 12917 | Lair:2   | Noticed a six-headed hydra
 12922 | Lair:2   | Killed a six-headed hydra
 13042 | Lair:3   | Reached XP level 12. HP: 69/69 MP: 22/29
 13054 | Lair:3   | Noticed a four-headed hydra
 13062 | Lair:3   | Killed a four-headed hydra
 13344 | Lair:3   | Found a labyrinth entrance.
 13353 | Lab      | Entered a labyrinth
 13596 | Lab      | Got a heavily runed granite ring
 13671 | Lab      | Identified the ring of Xom's Whimsicality {rC- rN+ Int+3 Dex+3} (You found it in a labyrinth)
 13764 | Lab      | Noticed a minotaur
 13768 | Lab      | Killed a minotaur
 13821 | Lab      | Got a distressingly furry plate armour
 13903 | Lair:3   | Identified the cursed +0 plate armour "Faiblag" {MR- Regen+ Str+4} (You found it in a labyrinth)
 14309 | Lair:3   | Found a staircase to the Snake Pit.
 14504 | Snake:1  | Entered Level 1 of the Snake Pit
 14550 | Snake:1  | Noticed an anaconda
 14553 | Snake:1  | Killed an anaconda
 14795 | Snake:1  | Noticed a naga warrior
 14799 | Snake:1  | Killed a naga warrior
 14973 | Snake:1  | Noticed an anaconda
 14979 | Snake:1  | Killed an anaconda
 15111 | Snake:1  | Reached XP level 13. HP: 58/80 MP: 4/30
 15570 | Snake:1  | Identified Sif Muna's Catalogue of Flamy Feathers (Sif Muna gifted it to you on level 1 of the Snake Pit)
 15570 | Snake:1  | Received a gift from Sif Muna
 15863 | Snake:1  | Found Totwessi's Gadget Boutique.
 15864 | Snake:1  | Found Weetwuojai's Jewellery Shoppe.
 15864 | Snake:1  | Found Geidenko's Jewellery Shoppe.
 16269 | Lair:4   | Learned a level 2 spell: Throw Flame
 16335 | Lair:4   | Found a frozen archway.
 16398 | Lair:4   | Reached skill level 10 in Dodging
 16404 | Lair:4   | Got a clouded bronze ring
 16409 | Lair:4   | Identified the cursed ring of Ulloalim {rF+ rC+ Dex-4} (You found it on level 4 of the Lair of Beasts)
 16418 | Lair:4   | Gained mutation: You are partially covered in molten scales. (AC +2) [potion of mutation]
 16418 | Lair:4   | Gained mutation: You are dopey. (Int -2) [potion of mutation]
 16418 | Lair:4   | Gained mutation: You possess an exceptional clarity of mind. [potion of mutation]
 16534 | Lair:4   | Reached skill level 10 in Fighting
 16534 | Lair:4   | Reached skill level 1 in Shields
 16656 | IceCv    | Entered an ice cave
 17088 | IceCv    | Learned a level 5 spell: Irradiate
 18138 | IceCv    | Killed from afar by a rime drake

Vault maps used:
D:1:      dpeg_arrival_chambers_temple_mockup, minmay_pentomino_w4
D:2:      tso_oasis_becter, chequers_ecumenical_altar_simple, serial_park_tiny_2
D:3:      chequers_temple_overflow_statue_of_worship, old_standard_altar,
          fedhas_altar_2, uniq_sigmund
D:4:      minmay_temple_entry_butterflies, first_ration
D:5:      wad_woods_stonehenge
D:6:      kennysheep_generic_room_12
D:9:      nicolae_overflow_quartered_altars
D:10:     grunt_lair_entry_orc_guard_hut, minmay_orc_entry_temple_small
Temple:   minmay_temple_curvy_branch
Lair:1:   lemuel_fruit_fields, lemuel_fruit_fields
Lair:2:   cheibrodos_lair_river_kwai, columned_hall_lemuel
Lair:3:   guppyfry_snake_entry_garden, lab_entry_generic, grunt_megastairs_4,
          lemuel_fruit_tree
Lair:4:   minmay_swamp_entry_worms, portal_ice_cave_entry_imps
Snake:1:  nicolae_snake_lava_pool, grunt_megastairs_2, minmay_shop_grove
Orc:1:    serial_shops, shop
Lab:      nicolae_lab_dead_adventurers, nicolae_lab_dead_end, lab_fountain,
          nicolae_lab_quarters, nicolae_lab_stuck, nicolae_lab_do_over,
          nicolae_lab_starburst
IceCv:    ice_cave_small_dragons

Skill      XL: |  1  2  3  4  5  6  7  8  9 10 11 12 13 |
---------------+----------------------------------------+-----
Conjurations   | 2 3 5 7 8 10 | 10.1
Fighting       | 1 2 3 5 9 10 | 10.0
Dodging        | 3 5 9 10 | 10.0
Spellcasting   | 6 8 11 | 11.5
Hexes          | 8 10 | 10.1
Necromancy     | 7 8 |  8.0
Invocations    | 8 |  8.5
Shields        | 4 |  4.3
Stealth        | |  2.4
Summonings     | |  1.1
Translocations | |  1.1

Action                   |  1- 3 |  4- 6 |  7- 9 | 10-12 | 13-15 || total
-------------------------+-------+-------+-------+-------+-------++-------
Melee: Unarmed           |    20 |       |       |       |       ||    20
       Dagger            |     2 |    52 |    58 |    32 |       ||   144
       Staff             |       |       |       |       |     8 ||     8
 Cast: Magic Dart        |   106 |    95 |   261 |   147 |     5 ||   614
       Mephitic Cloud    |       |     2 |    11 |     4 |       ||    17
       Call Imp          |       |     1 |     4 |       |       ||     5
       Conjure Flame     |       |       |    22 |    14 |       ||    36
       Blink             |       |       |     1 |     3 |       ||     4
       Summon Lightning  |       |       |     1 |       |       ||     1
       Bolt of Draining  |       |       |       |   170 |    57 ||   227
       Throw Flame       |       |       |       |       |   143 ||   143
       Irradiate         |       |       |       |       |     3 ||     3
Invok: Divine Energy     |       |       |     1 |       |       ||     1
  Use: Scroll            |       |    14 |       |     2 |     9 ||    25
       Potion            |       |       |       |       |     2 ||     2
 Stab: Sleeping          |     2 |     5 |       |       |       ||     7
       Confused          |       |     1 |       |       |       ||     1
  Eat: Chunk             |     2 |     8 |    27 |    18 |     6 ||    61
       Ration            |       |       |       |       |     2 ||     2
Armor: Robe              |     8 |     6 |     5 |       |       ||    19
       Steam dragon scal |       |       |     5 |    12 |    41 ||    58
Dodge: Dodged            |    38 |    36 |    81 |    76 |   114 ||   345

Table legend:
 A = Spawn XP
 B = Non-spawn XP
 C = Spawn XP percentage of total XP
 D = Spawn monster count
 E = Non-spawn monster count
 F = Spawn count percentage of total count
 G = Total turns spent on level
                    A         B        C        D         E        F      G
               +---------+---------+-------+---------+---------+-------+---------
         Total |       0 |   49743 |   0.0 |       0 |     355 |   0.0 | 18138
               +---------+---------+-------+---------+---------+-------+---------
           D:1 |       0 |      27 |   0.0 |       0 |      15 |   0.0 |   754
           D:2 |       0 |      73 |   0.0 |       0 |      27 |   0.0 |  1173
           D:3 |       0 |     279 |   0.0 |       0 |      23 |   0.0 |  1284
           D:4 |       0 |     339 |   0.0 |       0 |      15 |   0.0 |  1045
           D:5 |       0 |     910 |   0.0 |       0 |      27 |   0.0 |  1472
           D:6 |       0 |     521 |   0.0 |       0 |      10 |   0.0 |   813
           D:7 |       0 |     322 |   0.0 |       0 |      11 |   0.0 |   719
           D:8 |       0 |    1547 |   0.0 |       0 |      12 |   0.0 |   744
           D:9 |       0 |    3043 |   0.0 |       0 |      32 |   0.0 |  1311
          D:10 |       0 |    3261 |   0.0 |       0 |      31 |   0.0 |  1454
        Lair:1 |       0 |    4388 |   0.0 |       0 |      18 |   0.0 |  1039
        Lair:2 |       0 |    6677 |   0.0 |       0 |      18 |   0.0 |   949
        Lair:3 |       0 |    6919 |   0.0 |       0 |      30 |   0.0 |   959
        Lair:4 |       0 |    3241 |   0.0 |       0 |      25 |   0.0 |   532
       Snake:1 |       0 |   10247 |   0.0 |       0 |      30 |   0.0 |  1601
         Orc:1 |       0 |     446 |   0.0 |       0 |       5 |   0.0 |     7
           Lab |       0 |    2414 |   0.0 |       0 |       7 |   0.0 |   523
         IceCv |       0 |    5089 |   0.0 |       0 |      19 |   0.0 |  1482
               +---------+---------+-------+---------+---------+-------+---------
